[Event "Team 45 45 League T72"]
[Site "Internet Chess Club"]
[Date "2017.03.29"]
[Round "3"]
[White "kwen2008"]
[Black "Barnabe"]
[Result "0-1"]
[WhiteElo "1429"]
[BlackElo "1675"]
[Opening "Four knights: Scotch, 4...exd4"]
[ECO "C47"]
[Time "19:30:12"]
[TimeControl "2700+45"]

1. e4 Nf6 2. Nc3 e5 3. Nf3 Nc6 4. d4 exd4 5. Nxd4 Bb4 6. Nxc6 bxc6 7. Bd2 O-O 8.
Bd3 Re8 9. Qe2 d5 10. e5 Ng4 11. O-O Nxe5 12. Rfe1 Bd6 13. Bf4 f6 14. Bxe5 fxe5
15. Qh5 e4 16. Nxd5 cxd5 17. Qxd5+ Be6 18. Qxe4 g6 19. Bc4 Bxc4 20. Qxc4+ Kg7
21. Qc6 Rxe1+ 22. Rxe1 Rb8 23. Qc3+ Qf6 24. Qxf6+ Kxf6 25. b3 Kf7 26. Re4 Re8
27. Rxe8 Kxe8 28. Kf1 Ke7 29. g3 Ke6 30. Ke2 Ke5 31. Kd3 Kd5 32. c4+ Kc5 33. a3
a5 34. f4 Kc6 35. a4 Kc5 36. Kc3 Be7 37. h3 Bf6+ 38. Kc2 Kb4 39. g4 c6 40. g5
Bd4 41. Kd3 c5 42. h4 Bf2 43. h5 Kxb3 44. Ke2 Bd4 45. Kd3 Kxa4 46. Kc2 Kb4 47.
Kd3 a4 48. f5 gxf5 49. g6 hxg6 50. hxg6 f4 51. g7 Bxg7 52. Ke4 Kxc4 53. Kxf4 a3
54. Kf5 a2 55. Kg6 a1=Q 56. Kf5 Qe1 57. Kg6 Ba1 58. Kf5 Kd4 59. Kg6 Qf1 60. Kg5
Ke4 61. Kg6 Ke5 62. Kg5 Qg2+ 63. Kh6 Kf5 64. Kh7 Qg7# {White checkmated} 0-1

[Event "Team 45 45 League T72"]
[Site "Internet Chess Club"]
[Date "2017.03.31"]
[Round "3"]
[White "mongmong"]
[Black "tuotuo123"]
[Result "1/2-1/2"]
[WhiteElo "1492"]
[BlackElo "1463"]
[Opening "Grünfeld: Russian variation"]
[ECO "D96"]
[Time "20:32:03"]
[TimeControl "2700+45"]

1. d4 Nf6 2. Nf3 g6 3. c4 Bg7 4. Nc3 d5 5. Qb3 c6 6. cxd5 cxd5 7. Bg5 e6 8. e3
O-O 9. Bd3 Nc6 10. O-O Re8 11. Ne5 Qc7 12. f4 Nd7 13. Nxd7 Bxd7 14. Rac1 a5 15.
a3 f6 16. Bh4 b6 17. Bb5 Rec8 18. Bg3 Qb7 19. Bd3 Ne7 20. Nb5 Rxc1 21. Rxc1 Bc6
22. Qd1 f5 23. Rc2 Nc8 24. Qc1 Bxb5 25. Bxb5 Na7 26. Rc7 Qb8 27. Bd7 Kh8 28.
Bxe6 Qd8 29. Bd7 Bf8 30. Ba4 b5 31. Bd1 Bd6 32. Rc2 b4 33. axb4 Bxb4 34. b3 Bd6
35. Be2 Rb8 36. Rc3 Qe7 37. Bd1 Nb5 38. Rc8+ Rxc8 39. Qxc8+ Kg7 40. Qc6 Qxe3+
41. Bf2 Qd3 42. Qc2 Qxc2 43. Bxc2 Bxf4 44. Bd3 Nc7 45. Kf1 Bd2 46. Ke2 Bb4 47.
Bg3 Ne6 48. Be5+ Kh6 49. Bb5 Nd8 50. Bf6 Ne6 51. Be5 Nd8 52. Bf6 Ne6 53. Be5 Nd8
{Game drawn by repetition} 1/2-1/2

[Event "Team 45 45 League T72"]
[Site "Internet Chess Club"]
[Date "2017.04.02"]
[Round "3"]
[White "sdk"]
[Black "jmdana"]
[Result "1-0"]
[WhiteElo "1379"]
[BlackElo "1540"]
[Opening "English: Sicilian reversed"]
[ECO "A25"]
[Time "11:00:07"]
[TimeControl "2700+45"]

1. c4 e5 2. Nc3 Nc6 3. g3 Bc5 4. Bg2 Nf6 5. e3 d6 6. Nge2 O-O 7. O-O Bf5 8. d4
Bb6 9. h3 exd4 10. exd4 Re8 11. Be3 Ne4 12. a3 Na5 13. Bxe4 Bxe4 14. c5 dxc5 15.
dxc5 Bxc5 16. Bxc5 Bd3 17. Re1 b6 18. Be3 Ba6 19. Nd4 Bb7 20. Qg4 Qf6 21. Qf4
Qxf4 22. Bxf4 c5 23. Nf5 Nb3 24. Nd6 Nxa1 25. Nxe8 Nc2 26. Re7 Bc6 27. Nd6 Nd4
28. Nxf7 Re8 29. Rxe8+ Bxe8 30. Nd8 Bd7 31. Bb8 a6 32. g4 h5 33. gxh5 Bxh3 34.
Kh2 Bd7 35. Ba7 c4 36. Bxb6 Nf3+ 37. Kg3 Ng5 38. Bd4 Be8 39. Kg4 Nh7 40. Ne4 Nf8
41. Nd6 Bd7+ 42. Kg5 Nh7+ 43. Kh4 Nf6 44. Bxf6 gxf6 45. N8b7 {Black resigns} 1-0

[Event "Team 45 45 League T72"]
[Site "Internet Chess Club"]
[Date "2017.04.01"]
[Round "3"]
[White "smsxman"]
[Black "dinosaurchess"]
[Result "0-1"]
[WhiteElo "1239"]
[BlackElo "1339"]
[Opening "Vienna: Falkbeer variation"]
[ECO "C26"]
[Time "12:00:27"]
[TimeControl "2700+45"]

1. e4 e5 2. Nc3 Nf6 3. d3 h6 4. Nf3 Nc6 5. Be2 Bb4 6. Bd2 O-O 7. a3 Ba5 8. b4
Bb6 9. Na4 Re8 10. c4 Bd4 11. Nxd4 Nxd4 12. Bc3 Nxe2 13. Qxe2 d6 14. O-O c6 15.
Nb2 Bg4 16. Qe1 b6 17. f3 Be6 18. Qf2 c5 19. f4 exf4 20. Qxf4 Nh5 21. Qf3 Qg5
22. Qf2 Re7 23. Bd2 Qg6 24. Nd1 Nf6 25. Ne3 Ng4 26. Nxg4 Bxg4 27. Bc3 f6 28. Qg3
Qg5 29. Rae1 Rd8 30. bxc5 dxc5 31. e5 f5 32. h3 Bh5 33. Qxg5 hxg5 34. Rxf5 Rxd3
35. Rc1 Bf7 36. Bb2 Rb3 37. Rf2 a5 38. Kh2 Kh7 39. Rcc2 Kg6 40. g4 Be6 41. Rfe2
Rd7 42. Bc1 Rdd3 43. Rcd2 Rxh3+ 44. Kg1 Rbd3 45. Rxd3 Rxd3 46. Re1 Rg3+ 47. Kf2
Rxg4 48. Rg1 Rxg1 49. Kxg1 Bxc4 50. Kf2 Be6 51. Ke3 Kf5 52. Bb2 g4 53. Kf2 Kf4
54. Bc3 g3+ 55. Kg1 Kf3 56. Be1 Kg4 57. Kg2 Bd5+ 58. Kg1 Kh3 59. Bd2 g2 60. Bg5
b5 61. Bd2 a4 62. Bc3 g6 63. Bb2 Kg4 64. e6 Bxe6 65. Kxg2 Kf4 66. Kf2 Ke4 67.
Ke2 Kd5 68. Ke3 Bf5 69. Bc1 Kc4 70. Kd2 g5 71. Ke3 b4 72. Kf3 bxa3 73. Bxa3 Kb5
74. Ke3 c4 75. Kd4 g4 76. Ke5 g3 77. Bc1 g2 78. Be3 Bd3 79. Kd4 Kb4 80. Bd2+ Kb3
81. Ke3 g1=Q+ 82. Kf3 {White resigns} 0-1

[Event "Team 45 45 League T72"]
[Site "Internet Chess Club"]
[Date "2017.04.09"]
[Round "3"]
[White "Ajolote"]
[Black "ascoli"]
[Result "1/2-1/2"]
[WhiteElo "1692"]
[BlackElo "1650"]
[Opening "Sicilian: closed"]
[ECO "B24"]
[Time "15:00:52"]
[TimeControl "2700+45"]

1. e4 c5 2. Nc3 Nc6 3. g3 g6 4. Bg2 Bg7 5. Nge2 e6 6. O-O Nge7 7. d3 d5 8. exd5
exd5 9. Bd2 O-O 10. Nf4 d4 11. Ne4 b6 12. Bc1 Bb7 13. Re1 Nf5 14. Nd2 Qc7 15.
Nc4 Rae8 16. Rxe8 Rxe8 17. Nd5 Qd8 18. Bf4 Na5 19. Nxa5 Bxd5 20. Bxd5 Qxd5 21.
Nc4 g5 22. Bxg5 Nxg3 23. hxg3 Qxg5 24. Kg2 Re6 25. Qf3 Rh6 26. Re1 Qd8 27. Qb7
Bf8 28. Ne5 Qe8 29. Re4 Re6 30. Rg4+ Bg7 31. Nf3 Re2 32. Qxa7 Rxf2+ 33. Kxf2
Qe3+ 34. Kg2 Qe2+ 35. Kg1 Qe3+ 36. Kg2 Qe2+ 37. Kg1 Qe3+ 38. Kg2 Qe2+ {Game
drawn by repetition} 1/2-1/2

[Event "Team 45 45 League T72"]
[Site "Internet Chess Club"]
[Date "2017.03.31"]
[Round "3"]
[White "JohLeb"]
[Black "Gilguli"]
[Result "1-0"]
[WhiteElo "1437"]
[BlackElo "1356"]
[Opening "QGD: Albin counter-gambit"]
[ECO "D08"]
[Time "15:03:38"]
[TimeControl "2700+45"]

1. d4 d5 2. c4 e5 3. dxe5 d4 4. Nf3 Nc6 5. e3 Bb4+ 6. Bd2 dxe3 7. fxe3 Bg4 8.
Nc3 Nxe5 9. Qa4+ Nc6 10. O-O-O Bxf3 11. gxf3 Ne7 12. a3 Bd6 13. Ne4 O-O 14. Nxd6
cxd6 15. e4 Rc8 16. Bf4 Qa5 17. Qxa5 Nxa5 18. Bxd6 Rfe8 19. Kb1 Nxc4 20. Bxe7
Ne3 21. Rd3 Nxf1 22. Rd7 Ne3 23. Rxb7 Rc2 24. Bg5 Re2 25. Rc1 f6 26. Bxe3 Rxe3
27. Rcc7 Re1+ 28. Ka2 Rg1 29. Rxa7 Rb8 30. b4 Rg2+ 31. Kb3 Rd8 32. Rd7 Rxd7 33.
Rxd7 Rxh2 34. b5 Rh1 35. a4 h5 36. a5 Rb1+ 37. Kc4 Rc1+ 38. Kb4 Rb1+ 39. Kc5
Rc1+ 40. Kb6 h4 41. a6 h3 42. a7 Ra1 43. Rd2 {Black resigns} 1-0

[Event "Team 45 45 League T72"]
[Site "Internet Chess Club"]
[Date "2017.03.31"]
[Round "3"]
[White "bardu"]
[Black "dabodhi"]
[Result "1/2-1/2"]
[WhiteElo "1423"]
[BlackElo "1266"]
[Opening "QGD: Marshall defense"]
[ECO "A50"]
[Time "11:37:07"]
[TimeControl "2700+45"]

1. d4 Nf6 2. c4 d5 3. cxd5 Nxd5 4. e4 Nb6 5. Nc3 c6 6. f3 N8d7 7. Be3 Nf6 8. Nh3
e6 9. e5 Nfd5 10. Nxd5 Nxd5 11. Qb3 Nxe3 12. Qxe3 Bb4+ 13. Ke2 h6 14. Nf4 b6 15.
Rc1 Ba6+ 16. Kf2 Bb7 17. a3 Be7 18. Be2 Rc8 19. Rc3 Bh4+ 20. g3 Bg5 21. h4 Bxf4
22. Qxf4 Qe7 23. Rd1 O-O 24. b4 a5 25. bxa5 bxa5 26. Rc5 Qc7 27. Qd2 Rfd8 28.
Rdc1 a4 29. Bb5 Qb6 {Game drawn by mutual agreement} 1/2-1/2

[Event "Team 45 45 League T72"]
[Site "Internet Chess Club"]
[Date "2017.04.01"]
[Round "3"]
[White "Xbug"]
[Black "Toalla"]
[Result "1-0"]
[WhiteElo "1141"]
[BlackElo "1208"]
[Opening "English: symmetrical, Benoni formation"]
[ECO "A31"]
[Time "14:04:36"]
[TimeControl "2700+45"]

1. d4 Nf6 2. c4 c5 3. Nf3 d5 4. dxc5 e6 5. cxd5 Bxc5 6. Nc3 exd5 7. Bg5 Be6 8.
e4 h6 9. Bxf6 gxf6 10. exd5 Bg4 11. Be2 Nd7 12. O-O Kf8 13. h3 Bh5 14. Qb3 b6
15. Rfe1 Rg8 16. Rad1 Kg7 17. Bc4 Bxf3 18. gxf3 Kh8+ 19. Kf1 Rg7 20. Ke2 Qg8 21.
Ne4 Re8 22. Kd2 Bxf2 23. Nxf2 Rxe1 24. Rxe1 Rg2 25. Rf1 Ne5 26. f4 Nf3+ 27. Qxf3
{Black resigns} 1-0

[Event "Team 45 45 League T72"]
[Site "Internet Chess Club"]
[Date "2017.04.03"]
[Round "3"]
[White "rubo"]
[Black "QuieroAprender"]
[Result "1-0"]
[WhiteElo "1664"]
[BlackElo "1549"]
[Opening "Queen's bishop game"]
[ECO "D02"]
[Time "20:17:30"]
[TimeControl "2700+45"]

1. d4 d5 2. Nf3 Nf6 3. Bf4 Bf5 4. e3 c6 5. c3 h6 6. h3 g5 7. Bh2 Bg7 8. Qb3 Qc8
9. Ne5 g4 10. hxg4 Nxg4 11. Nxg4 Bxg4 12. Nd2 Nd7 13. f4 c5 14. Qxd5 cxd4 15.
exd4 Nb6 16. Bb5+ Kf8 17. Qe4 a6 18. Bd3 f5 19. Qe3 Nd5 20. Qf2 Nxc3 21. Rc1
Qe6+ 22. Kf1 Nxa2 23. Bc4 Be2+ 24. Bxe2 Nxc1 25. Bc4 Qb6 26. Nf3 Rc8 27. Qc2 Qb5
28. Ne5 e6 29. Ng6+ Ke8 30. Bxb5+ {Black resigns} 1-0

[Event "Team 45 45 League T72"]
[Site "Internet Chess Club"]
[Date "2017.04.02"]
[Round "3"]
[White "pcvan"]
[Black "nosir"]
[Result "0-1"]
[WhiteElo "1395"]
[BlackElo "1506"]
[Opening "King's pawn opening"]
[ECO "B07"]
[Time "19:01:53"]
[TimeControl "2700+45"]

1. e4 d6 2. d3 Nf6 3. Nc3 g6 4. Nf3 Bg7 5. Be2 O-O 6. O-O Nbd7 7. Be3 a6 8. Qd2
b5 9. Bh6 Ng4 10. Bxg7 Kxg7 11. Nh4 e5 12. Nxg6 Nxh2 13. Nxf8 Nxf1 14. Rxf1 Nxf8
15. Nd5 c6 16. Ne3 Ng6 17. Bg4 Nf4 18. Bxc8 Rxc8 19. Nf5+ Kh8 20. g3 Qg5 21. Qa5
Rg8 22. Nxd6 Ne2+ 23. Kg2 Nf4+ 24. Kf3 Qg4+ 25. Ke3 Qe2# {White checkmated} 0-1

[Event "Team 45 45 League T72"]
[Site "Internet Chess Club"]
[Date "2017.04.01"]
[Round "3"]
[White "g8wrb"]
[Black "drsigmund1"]
[Result "1-0"]
[WhiteElo "1274"]
[BlackElo "1393"]
[Opening "French: Winawer, fingerslip variation"]
[ECO "C15"]
[Time "08:00:45"]
[TimeControl "2700+45"]

1. e4 e6 2. d4 d5 3. Nc3 Bb4 4. Bd2 Ne7 5. Bd3 c5 6. Nf3 Nbc6 7. a3 cxd4 8. axb4
dxc3 9. bxc3 dxe4 10. Bxe4 Nd5 11. O-O Bd7 12. c4 Ndxb4 13. Bxb4 Nxb4 14. Bxb7
Rb8 15. Rxa7 Qb6 16. Qd4 Qxd4 17. Nxd4 O-O 18. Be4 Rfd8 19. c3 e5 20. Nf3 Nc6
21. Bxc6 Bxc6 22. Nxe5 Be8 23. Rc7 Rb3 24. h3 Rxc3 25. Re1 f6 26. Nf3 Kf8 27.
Ree7 Rd7 {Black resigns} 1-0

[Event "Team 45 45 League T72"]
[Site "Internet Chess Club"]
[Date "2017.03.31"]
[Round "3"]
[White "olivermx"]
[Black "SeniorCitizen"]
[Result "0-1"]
[WhiteElo "1304"]
[BlackElo "1288"]
[Opening "French: Steinitz variation"]
[ECO "C11"]
[Time "15:51:17"]
[TimeControl "2700+45"]

1. e4 e6 2. d4 Nf6 3. Nc3 d5 4. e5 Nfd7 5. Nf3 c5 6. Be3 Nc6 7. Ne2 Qc7 8. c3 b6
9. g3 Ba6 10. Bg2 Bxe2 11. Qxe2 cxd4 12. cxd4 Bb4+ 13. Bd2 Bxd2+ 14. Qxd2 Rc8
15. Rc1 Qb8 16. O-O O-O 17. Rfe1 Ne7 18. Bf1 Rxc1 19. Rxc1 Rc8 20. Bb5 Rxc1+ 21.
Qxc1 Nf8 22. Kg2 Qc8 23. Qxc8 Nxc8 24. Nd2 Ng6 25. f4 Kf8 26. Ba6 Nce7 27. Nf3
h6 28. Kh3 Ke8 29. Nh4 Kd8 30. Nxg6 Nxg6 31. Bb5 Kc7 32. Be8 Nf8 33. Bxf7 b5 34.
a3 Kb6 35. Bg6 Nxg6 {White resigns} 0-1

[Event "Team 45 45 League T72"]
[Site "Internet Chess Club"]
[Date "2017.04.01"]
[Round "3"]
[White "drsigmund1"]
[Black "oldmastermind"]
[Result "1-0"]
[WhiteElo "1405"]
[BlackElo "1287"]
[Opening "Queen's pawn"]
[ECO "A40"]
[Time "13:00:42"]
[TimeControl "2700+45"]

1. d4 e6 2. Bf4 d5 3. Nf3 Bd6 4. Bg3 Bxg3 5. hxg3 h6 6. Nbd2 Nf6 7. e3 Bd7 8.
Bd3 a6 9. Qe2 Nc6 10. Nb3 Nb4 11. Nc5 Nxd3+ 12. Qxd3 Bb5 13. Qd2 b6 14. Nd3 Ne4
15. Qd1 f6 16. a4 Bd7 17. Nf4 c6 18. Nd2 Qc7 19. Nxe4 dxe4 20. Qh5+ {Black
resigns} 1-0

[Event "Team 45 45 League T72"]
[Site "Internet Chess Club"]
[Date "2017.04.03"]
[Round "3"]
[White "Andaluz"]
[Black "dabodhi"]
[Result "1/2-1/2"]
[WhiteElo "1287"]
[BlackElo "1267"]
[Opening "French: exchange variation"]
[ECO "C01"]
[Time "14:05:08"]
[TimeControl "2700+45"]

1. e4 e6 2. d4 d5 3. exd5 exd5 4. Nf3 Bg4 5. Be2 Nf6 6. h3 Bf5 7. Bd3 Bxd3 8.
Qxd3 c6 9. Bf4 Qa5+ 10. c3 Be7 11. O-O O-O 12. Re1 Qd8 13. Nbd2 Nbd7 14. Ne5
Nxe5 15. Bxe5 Bd6 16. Bxd6 Qxd6 17. Re5 Rfe8 18. Rae1 Rxe5 19. Rxe5 Re8 20.
Rxe8+ Nxe8 21. Qf5 Qe6 22. Qxe6 fxe6 23. Nf3 h6 24. Kf1 Kf7 25. Ke2 Kf6 26. Ne5
Kf5 27. g4+ Kg5 28. Kf3 {Game drawn by mutual agreement} 1/2-1/2

[Event "Team 45 45 League T72"]
[Site "Internet Chess Club"]
[Date "2017.04.03"]
[Round "3"]
[White "Just-Jim"]
[Black "SeniorCitizen"]
[Result "1-0"]
[WhiteElo "1227"]
[BlackElo "1268"]
[Opening "Bird's opening"]
[ECO "A02"]
[Time "11:00:35"]
[TimeControl "2700+45"]

1. f4 e6 2. Nf3 Nc6 3. d4 d5 4. e3 Nf6 5. Bb5 Bd7 6. Be2 Ne4 7. O-O Bd6 8. g4
Ne7 9. Nbd2 Nf6 10. Ne5 c5 11. g5 Nfg8 12. dxc5 Bxc5 13. Nb3 Bd6 14. Qd4 Qb6 15.
Qxb6 axb6 16. Nxd7 Kxd7 17. Bd2 f6 18. Bc3 Rc8 19. Nd4 e5 20. Bb5+ Kd8 21. Ne6#
{Black checkmated} 1-0

[Event "Team 45 45 League T72"]
[Site "Internet Chess Club"]
[Date "2017.04.02"]
[Round "3"]
[White "oldbookseller"]
[Black "Xbug"]
[Result "1-0"]
[WhiteElo "980"]
[BlackElo "1117"]
[Opening "King's Indian: East Indian defense"]
[ECO "A48"]
[Time "09:30:34"]
[TimeControl "2700+45"]

1. d4 Nf6 2. Nf3 g6 3. e3 Bg7 4. Bd3 O-O 5. Nbd2 d6 6. O-O Bg4 7. Rb1 Nc6 8. Qe1
Re8 9. c3 e5 10. Bc4 d5 11. Bb3 e4 12. Ng5 h6 13. Nxf7 Kxf7 14. c4 Kf8 15. cxd5
Nxd5 16. Bc2 Qd6 17. Nxe4 Qd7 18. Nc5 Qf7 19. Qd2 b6 20. Nd3 Kg8 21. b3 Bf5 22.
Bb2 Bxd3 23. Bxd3 Ncb4 24. Bc4 Rad8 25. Ba3 Nc6 26. b4 Bf8 27. Qd3 Kh8 28. b5
Nce7 29. e4 Qf6 30. Rbe1 Nf4 31. Qf3 Qxd4 32. Bf7 {Black resigns} 1-0

[Event "Team 45 45 League T72"]
[Site "Internet Chess Club"]
[Date "2017.04.02"]
[Round "3"]
[White "mongmong"]
[Black "Electryon"]
[Result "1/2-1/2"]
[WhiteElo "1496"]
[BlackElo "1447"]
[Opening "Queen's pawn game"]
[ECO "D04"]
[Time "12:00:12"]
[TimeControl "2700+45"]

1. d4 d5 2. Nf3 Nf6 3. e3 Bg4 4. c4 c6 5. Nbd2 e6 6. Bd3 Bd6 7. Qb3 b6 8. O-O
O-O 9. h3 Bh5 10. Qc2 dxc4 11. Bxc4 Nbd7 12. b3 Bg6 13. Bd3 Bxd3 14. Qxd3 c5 15.
Bb2 cxd4 16. Nxd4 Nc5 17. Qe2 Rc8 18. Rfc1 Qe7 19. N2f3 Rfd8 20. Rc2 Qb7 21.
Rac1 Be7 22. Rc4 b5 23. R4c2 a6 24. Ba3 Bf8 25. Bb2 Nce4 26. Rxc8 Rxc8 27. Rxc8
Qxc8 28. Qc2 Qxc2 29. Nxc2 Nd5 30. a4 {Game drawn by mutual agreement} 1/2-1/2

[Event "Team 45 45 League T72"]
[Site "Internet Chess Club"]
[Date "2017.04.03"]
[Round "3"]
[White "Aquaman"]
[Black "tasawyer81"]
[Result "1/2-1/2"]
[WhiteElo "1360"]
[BlackElo "1182"]
[Opening "Réti: King's Indian attack (Barcza system)"]
[ECO "A07"]
[Time "20:00:36"]
[TimeControl "2700+45"]

1. Nf3 d5 2. g3 Nf6 3. Bg2 Nc6 4. O-O Bf5 5. h3 e6 6. d3 Bd6 7. Nbd2 O-O 8. Nh4
Bg6 9. Nxg6 hxg6 10. Re1 Bc5 11. e3 d4 12. e4 e5 13. a3 a5 14. Nf3 Qd6 15. Bg5
Nh5 16. Bc1 b5 17. Bd2 b4 18. h4 bxa3 19. bxa3 Bxa3 20. Rf1 Qc5 21. Bh3 Rab8 22.
Ne1 Bb4 23. Bc1 Bc3 24. Ba3 Bb4 25. Qc1 Rb5 26. Bd7 Rfb8 27. Nf3 Nf6 28. Bxc6
Qxc6 29. Bxb4 axb4 30. Nd2 Qe6 31. Kg2 Nh5 32. Nf3 Qg4 33. Nh2 Qe6 34. Qg5 b3
35. cxb3 Qxb3 36. Qd2 Qe6 37. Qg5 Qb3 38. Qd2 Qe6 {Game drawn by mutual
agreement} 1/2-1/2

[Event "Team 45 45 League T72"]
[Site "Internet Chess Club"]
[Date "2017.03.31"]
[Round "3"]
[White "Toalla"]
[Black "GiantsFan"]
[Result "1/2-1/2"]
[WhiteElo "1229"]
[BlackElo "1169"]
[Opening "Catalan: closed"]
[ECO "E01"]
[Time "16:01:28"]
[TimeControl "2700+45"]

1. d4 d5 2. c4 e6 3. g3 Nf6 4. Bg2 c6 5. Nf3 Bd6 6. O-O Nbd7 7. Nc3 O-O 8. e4
dxc4 9. e5 Qc7 10. exd6 Qxd6 11. Re1 Nd5 12. Nxd5 cxd5 13. Bf4 Qb6 14. Qc2 Nf6
15. b3 Qb4 16. Bd2 Qb5 17. bxc4 dxc4 18. Ne5 Rd8 19. a4 Qb3 20. Qxb3 cxb3 21.
Bc3 Rb8 22. Reb1 Nd5 23. Bxd5 Rxd5 24. Rxb3 Bd7 25. Rab1 b6 26. a5 Rc8 27. axb6
axb6 28. f4 f6 29. Nd3 Ba4 30. Ra3 Bc2 31. Rxb6 Bxd3 32. Rxe6 Kf7 33. Re3 Bf5
34. Ra7+ Kg6 35. Kg2 Be4+ 36. Rxe4 Rxc3 37. h4 Rd3 38. g4 R5xd4 39. f5+ Kh6 40.
g5+ Kh5 41. Rxd4 Rxd4 42. gxf6 gxf6 43. Rxh7+ Kg4 44. Rg7+ Kxh4 45. Rf7 Rd6 46.
Rh7+ Kg5 47. Kf3 Kxf5 48. Rh5+ Ke6 49. Ke4 Rc6 50. Rh6 Rc4+ 51. Kd3 Rf4 52. Ke3
Rf1 53. Ke2 Rf4 54. Ke3 Ke5 55. Rh7 Re4+ 56. Kf3 f5 57. Re7+ Kd4 58. Rd7+ Ke5
59. Re7+ Kd5 60. Rd7+ Ke6 61. Rd8 Rg4 62. Re8+ Kd5 63. Rd8+ Ke5 64. Re8+ Kf6 65.
Rf8+ Kg5 66. Rg8+ Kh4 67. Rh8+ Kg5 68. Rg8+ Kh5 69. Rh8+ Kg5 70. Rg8+ {Game
drawn by repetition} 1/2-1/2

[Event "Team 45 45 League T72"]
[Site "Internet Chess Club"]
[Date "2017.04.02"]
[Round "3"]
[White "RobertBuice"]
[Black "WzeroMN"]
[Result "0-1"]
[WhiteElo "1058"]
[BlackElo "1200"]
[Opening "Paleface attack"]
[ECO "A45"]
[Time "15:30:24"]
[TimeControl "2700+45"]

1. d4 Nf6 2. f3 e6 3. Nc3 d5 4. Bg5 Be7 5. Bxf6 Bxf6 6. e4 c6 7. e5 Be7 8. a3 c5
9. Bb5+ Bd7 10. Nge2 Bxb5 11. Nxb5 Qa5+ 12. Nbc3 cxd4 13. Qxd4 Nc6 14. Qa4 Qxa4
15. Nxa4 Nxe5 16. O-O-O O-O 17. Rhe1 b5 18. Nd4 bxa4 19. Rxe5 Bd6 20. Rh5 g6 21.
Rh4 g5 22. Rg4 h6 23. Nb5 Bf4+ 24. Kb1 f5 25. Rxf4 gxf4 26. Nc7 Rab8 27. Nxe6
Rfe8 28. Nxf4 Re5 29. Nxd5 Kg7 30. f4 Re2 31. Ne7 Rxe7 32. Ka2 Rbe8 33. Rd4 Kf8
34. c4 Re4 35. Rd7 Rxf4 36. c5 Rfe4 37. c6 R4e7 38. Rd5 Rc7 39. Rxf5+ Kg7 40.
Rc5 Re6 41. g4 Rcxc6 42. Rb5 Kg6 43. h4 Kh7 44. h5 Rc7 45. Rb4 Rce7 46. Rxa4 Re4
47. Ra6 Rxg4 48. Ra5 Rg5 49. Ra4 Rxh5 50. Rc4 Rhe5 51. Rc6 h5 52. b4 h4 53. Rc2
Re2 54. Rxe2 Rxe2+ 55. Kb3 h3 56. Ka4 h2 57. b5 h1=Q 58. Ka5 Qb7 59. a4 Qb6+ 60.
Kb4 Rb2+ 61. Ka3 Qf2 62. b6 axb6 63. a5 Ra2+ 64. Kb4 bxa5+ 65. Kb5 Rb2+ 66. Kxa5
Qa7# {White checkmated} 0-1

[Event "Team 45 45 League T72"]
[Site "Internet Chess Club"]
[Date "2017.03.30"]
[Round "3"]
[White "liujf"]
[Black "rhayder"]
[Result "1-0"]
[WhiteElo "1622"]
[BlackElo "1195"]
[Opening "Ruy Lopez: closed, 7...O-O"]
[ECO "C88"]
[Time "18:13:10"]
[TimeControl "2700+45"]

1. e4 e5 2. Nf3 Nc6 3. Bb5 a6 4. Ba4 Nf6 5. O-O Be7 6. Re1 b5 7. Bb3 O-O 8. Nc3
d6 9. Nd5 Nxd5 10. Bxd5 Bb7 11. d4 Rb8 12. c3 a5 13. Bd2 b4 14. Rc1 Qd7 15. Qa4
Rfd8 16. Ng5 Bxg5 17. Bxg5 Ne7 18. Qxd7 Rxd7 19. Bxe7 Bxd5 20. exd5 Rxe7 21.
dxe5 Rxe5 22. Rxe5 dxe5 23. cxb4 Rxb4 24. d6 {Black resigns} 1-0

[Event "Team 45 45 League T72"]
[Site "Internet Chess Club"]
[Date "2017.03.30"]
[Round "3"]
[White "carey69"]
[Black "PsyMar"]
[Result "0-1"]
[WhiteElo "1031"]
[BlackElo "1260"]
[Opening "Giuoco Piano"]
[ECO "C54"]
[Time "14:00:08"]
[TimeControl "2700+45"]

1. e4 e5 2. Nf3 Nc6 3. Bc4 Bc5 4. c3 Nf6 5. d4 exd4 6. cxd4 Bb4+ 7. Bd2 Nxe4 8.
O-O Nxd2 9. Nfxd2 d5 10. Bb3 Nxd4 11. Re1+ Be6 12. Ba4+ Nc6 13. Bxc6+ bxc6 14.
Qg4 Qf6 15. Qxb4 Kd7 16. Nc3 Rab8 17. Qa5 Rxb2 18. Nf3 d4 19. Red1 Bd5 20. Nxd4
Qxf2+ 21. Kh1 Qxg2# {White checkmated} 0-1

[Event "Team 45 45 League T72"]
[Site "Internet Chess Club"]
[Date "2017.04.02"]
[Round "3"]
[White "chips"]
[Black "Rbug"]
[Result "0-1"]
[WhiteElo "1169"]
[BlackElo "1059"]
[Opening "Polish (Sokolsky) opening"]
[ECO "A00"]
[Time "21:03:54"]
[TimeControl "2700+45"]

1. b4 d5 2. Bb2 Nc6 3. a3 Bf5 4. d3 f6 5. Nd2 e6 6. e3 e5 7. g3 Bd6 8. Bg2 Nge7
9. c4 dxc4 10. Nxc4 Ng6 11. e4 Be6 12. Nxd6+ Qxd6 13. Nf3 O-O-O 14. Bf1 Bg4 15.
h3 Bxf3 16. Qxf3 Nd4 17. Bxd4 Qxd4 18. Qd1 Qc3+ 19. Ke2 Qb2+ 20. Ke3 Qd4+ 21.
Kf3 Rhf8 22. h4 f5 23. Bh3 Kb8 24. Bxf5 Ne7 25. g4 g6 26. Qb3 gxf5 27. gxf5
Qxd3+ 28. Qxd3 Rxd3+ 29. Ke2 Rdd8 30. Rad1 c6 31. Rhg1 Kc7 32. Rxd8 Kxd8 33.
Rd1+ Kc7 34. Rg1 Rg8 35. Rh1 Rg4 36. Ke3 Kb6 37. a4 c5 38. bxc5+ Kxc5 39. Rc1+
Kb6 40. Rd1 Rxh4 41. Rd7 Nc6 42. Rd1 Ka5 43. Rd7 Kb6 44. f6 Rf4 45. f7 h5 46.
a5+ Nxa5 47. Rd6+ Nc6 48. Rh6 h4 49. f8=Q Rxf8 50. Rxh4 a5 51. Rh1 a4 52. Rb1+
Kc7 53. Rb5 Ra8 54. f4 exf4+ 55. Kxf4 a3 56. Rb1 a2 57. Ra1 Nb4 58. e5 Nc2 59.
Rc1 a1=Q 60. Rxa1 Rxa1 61. Kf5 Re1 62. Kf6 b5 63. e6 b4 64. Ke7 b3 65. Kf6 b2
66. e7 Rxe7 67. Kxe7 b1=Q 68. Ke6 Qe1+ 69. Kd5 Qe3 70. Kc4 Qd4+ 71. Kb3 Qb4+ 72.
Kxc2 Qa3 73. Kd2 Qb3 74. Kc1 Qa2 75. Kd1 Kd6 76. Ke1 Ke5 77. Kf1 Kf4 78. Kg1 Kg3
79. Kf1 Qf2# {White checkmated} 0-1

[Event "Team 45 45 League T72"]
[Site "Internet Chess Club"]
[Date "2017.04.02"]
[Round "3"]
[White "ChessHouston"]
[Black "primerpaso"]
[Result "1-0"]
[WhiteElo "1768"]
[BlackElo "1822"]
[Opening "Sicilian: Najdorf, Adams attack"]
[ECO "B90"]
[Time "11:03:19"]
[TimeControl "2700+45"]

1. e4 c5 2. Nf3 d6 3. d4 cxd4 4. Nxd4 Nf6 5. Nc3 a6 6. h3 e5 7. Nde2 Be6 8. g4
h6 9. Bg2 Nbd7 10. Be3 b5 11. Qd2 Nb6 12. b3 Qc7 13. f4 Rc8 14. f5 Bd7 15. Rc1
Be7 16. O-O Bc6 17. Ng3 Qb7 18. Kh2 b4 19. Nce2 Bb5 20. Rfd1 a5 21. c4 Bc6 22.
c5 dxc5 23. Bxc5 Rd8 24. Qe3 Rxd1 25. Rxd1 Nbd7 26. Bxe7 Kxe7 27. Qd2 Rd8 28. g5
hxg5 29. Qxg5 Rg8 30. Nh5 Kf8 31. Neg3 Qc7 32. Qd2 Nxh5 33. Nxh5 Ke7 34. Qc2 Qb7
35. Qd3 Qc7 36. Qc4 Nf6 37. Qc5+ Ke8 38. Nxf6+ gxf6 39. Bf3 Qb7 40. Qxa5 Qe7 41.
Qb6 Bd7 42. Qb8+ Qd8 43. Qxb4 Qc7 44. Qd2 Bc6 45. Rc1 Qb6 46. b4 Rg5 47. Rc5 Bd7
48. a3 Qa6 49. Rc7 Qb5 50. Be2 Qa4 51. b5 Qd4 52. Qxd4 exd4 53. b6 Kd8 54. Ba6
Rg8 55. Ra7 Bc6 56. Bd3 Re8 57. Rxf7 Kc8 58. Rc7+ {Black resigns} 1-0

[Event "Team 45 45 League T72"]
[Site "Internet Chess Club"]
[Date "2017.04.03"]
[Round "3"]
[White "kabindra"]
[Black "IshanR"]
[Result "0-1"]
[WhiteElo "1713"]
[BlackElo "1896"]
[Opening "Sicilian: Smith-Morra gambit"]
[ECO "B21"]
[Time "20:08:04"]
[TimeControl "2700+45"]

1. e4 c5 2. d4 cxd4 3. c3 Nf6 4. e5 Nd5 5. cxd4 d6 6. Nf3 Nc6 7. exd6 Bg4 8.
dxe7 Qxe7+ 9. Qe2 Bxf3 10. Qxe7+ Bxe7 11. gxf3 Nxd4 12. Bd3 Nb4 13. Kd2 Rd8 14.
Kc3 Nxd3 15. Kxd3 Nb3+ 16. Kc3 Nxa1 17. Na3 Bxa3 18. bxa3 Rc8+ 19. Kd2 O-O 20.
Rg1 Rfd8+ 21. Ke3 Nc2+ 22. Kf4 Rc4+ 23. Kg3 f6 24. Kh3 Rd5 25. Rg3 Ne1 {White
resigns} 0-1